 Dungeon Crawl Stone Soup version 0.29-a0-233-g1125b37a9b (webtiles) character file.

Game seed: 10514337527183471269

188 drugrobin the Chopper (level 5, -3/42 HPs)
             Began as a Demigod Fighter on Mar 1, 2022.
             Killed from afar by an orc wizard (10 damage)
             ... with a magic dart
             ... on level 4 of the Dungeon.
             The game lasted 00:08:21 (3631 turns).

drugrobin the Chopper (Demigod Fighter)             Turns: 3631, Time: 00:08:21

Health: -3/42      AC:  6    Str: 21    XL:     5   Next: 16%
Magic:  16/16      EV:  9    Int: 10    God:
Gold:   121        SH:  5    Dex: 19    Spells: 4/4 levels left

rFire   . . .      SeeInvis .   a - +0 war axe
rCold   . . .      Faith    .   c - +0 buckler
rNeg    . . .      Spirit   .   v - +0 scale mail
rPois   .          Reflect  .   (no helmet)
rElec   .          Harm     .   (no cloak)
rCorr   .          Rampage  .   (no gloves)
Will    .....                   (no boots)
Stlth   ..........              (no amulet)
HPRegen 0.14/turn               e - ring of magical power
MPRegen 0.15/turn               s - +6 ring of dexterity

@: no status effects
A: high MP 1, forlorn, divine attributes
a: no special abilities


You were on level 4 of the Dungeon.
You visited 1 branch of the dungeon, and saw 4 of its levels.

You collected 121 gold pieces.

Inventory:

Hand Weapons
 a - a +0 war axe (weapon)
 b - a +0 hunting sling
 l - a +1 dagger of electrocution
Missiles
 i - 93 stones (quivered)
 q - 9 poisoned darts
Armour
 c - a +0 buckler (worn)
 v - a +0 scale mail (worn)
Jewellery
 e - a ring of magical power (left hand)
 s - a +6 ring of dexterity (right hand)
 t - an amulet of regeneration
Wands
 y - a wand of polymorph (6)
Scrolls
 h - 7 scrolls of identify {unknown}
 j - 2 scrolls of teleportation {unknown}
 n - a scroll of holy word {unknown}
 o - a scroll of enchant armour {unknown}
 p - a scroll of amnesia {unknown}
 u - a scroll of magic mapping {unknown}
 x - a scroll of noise {unknown}
 A - a scroll of blinking {unknown}
Potions
 d - 3 potions of might
 f - a potion of degeneration {unknown}
 g - a potion of curing {unknown}
 k - a potion of heal wounds {unknown}
 m - a potion of invisibility {unknown}
 r - a potion of resistance {unknown}
 w - a potion of flight {unknown}
 z - a potion of mutation {unknown}


   Skills:
 - Level 2.6 Fighting
 * Level 4.9 Axes
 - Level 2.6 Armour
 - Level 2.6 Shields
 + Level 1.2 Evocations


You had 4 spell levels left.
You didn't know any spells.
Your spell library was empty.

Dungeon Overview and Level Annotations

Branches:
Dungeon (4/15)
 Temple: D:4-7

Shops:
D:3 [

Annotations:
D:2 Grinder
D:3 1 runed translucent door, Crazy Yiuf


Innate Abilities, Weirdness & Mutations

You have an increased reservoir of magic. (+10% MP)
You shall have no god before yourself.
Your divine heritage dramatically boosts your attributes as you level up.


Message History

Unknown command.
You barely miss something. x2; Something hits you.
* * * LOW HITPOINT WARNING * * *
Something hits you but does no damage. x2
Unknown command.
Unknown command.
Unknown command.
Unknown command.
You slash something! x2
Reactivating autopickup.
You feel a bit more experienced. Something hits you.
* * * LOW HITPOINT WARNING * * *
Deactivating autopickup; reactivate with Ctrl-A.
Unknown command.
Unknown command.
Unknown command.
Unknown command.
You miss something. Something completely misses you.
Unknown command.
Unknown command.
Unknown command.
Unknown command.
You hit something.
You hear some strange, mumbled words.
Something tries to affect you, but you resist.
Something hits you but does no damage.
Unknown command.
Unknown command.
Unknown command.
You closely miss something.
You hear some strange, mumbled words.
Something tries to affect you, but you resist.
Unknown command.
Unknown command.
Unknown command.
You miss something.
You hear some strange, mumbled words.
A magic dart appears from out of thin air!
The magic dart hits you!
You die...

.................##......
.<.......####'#...#......
.........................
.......#.###..#.#..##.#..
..............#..........
............###).........
###.........# #..).......
#........[###.))).....#
........{@#.......
####.............#
.........###.#..#
..(....... .....
.....####.. .).# ..... ..
.... ..... ... ... .. ...


There were no monsters in sight!

Vanquished Creatures
  Terence (D:2)
  3 orc wizards
  An adder (D:2)
  A dart slug (D:4)
  6 orcs
  7 endoplasms
  2 giant cockroaches
  6 goblins
  5 hobgoblins
  11 jackals
  4 kobolds
  3 quokkas
  5 ball pythons
  6 bats
  10 rats
71 creatures vanquished.

Notes
Turn   | Place    | Note
-------+----------+-------------------------------------------
     0 | D:1      | drugrobin the Demigod Fighter began the quest for the Orb.
     0 | D:1      | Reached XP level 1. HP: 18/18 MP: 3/3
    30 | D:1      | Reached skill level 2 in Axes
   215 | D:1      | Reached XP level 2. HP: 23/25 MP: 4/4
   398 | D:1      | Reached skill level 3 in Axes
   809 | D:1      | Reached XP level 3. HP: 30/30 MP: 5/5
  1803 | D:2      | Noticed Terence
  2066 | D:2      | Killed Terence
  2067 | D:2      | Reached skill level 4 in Axes
  2067 | D:2      | Reached XP level 4. HP: 16/37 MP: 6/6
  2464 | D:3      | Noticed a golden eye
  2467 | D:3      | Noticed a shining eye
  2467 | D:3      | Noticed a great orb of eyes
  2467 | D:3      | Noticed a shining eye
  2602 | D:3      | Found Kamiups's Armour Shop.
  3099 | D:3      | Noticed Grinder
  3332 | D:2      | Paralysed by Grinder for 2 turns
  3424 | D:3      | Found a runed translucent door.
  3425 | D:3      | Noticed Crazy Yiuf
  3469 | D:4      | Reached skill level 1 in Evocations
  3597 | D:4      | Reached XP level 5. HP: 39/42 MP: 7/7
  3631 | D:4      | Killed from afar by an orc wizard

Illustrated notes

Levels and vault maps discovered:
D:1:      lightli_iron_boxes, layout_basic, minmay_strange_pillars,
          minmay_rat_gold_closets
D:2:      layout_loops_cross, minmay_splitting_lines, nrook_mini_backslash,
          uniq_terence
D:3:      layout_loops_cross, serial_shops, shop,
          hellmonk_ecumenical_altar_watching_god, uniq_grinder,
          uniq_crazy_yiuf_cottage
D:4:      layout_basic

Skill      XL: |  1  2  3  4 |
---------------+-------------+-----
Axes           | 2 3 4 |  4.9
Evocations     | 1 |  1.2
Fighting       | |  2.6
Armour         | |  2.6
Shields        | |  2.6

Action                   |  1- 3 |  4- 6 || total
-------------------------+-------+-------++-------
Melee: War axe           |   101 |    48 ||   149
       Dagger            |    69 |    38 ||   107
 Fire: Hunting sling     |       |     1 ||     1
Throw: Stone             |     5 |       ||     5
Armor: Scale mail        |    63 |    50 ||   113
Dodge: Dodged            |    72 |    27 ||    99
Block: Buckler           |    37 |    16 ||    53

Table legend: (Time is in decaauts)
 A = Elapsed time spent in this place.
 B = Non-inter-level travel time spent in this place.
 C = Inter-level travel time spent in this place.
 D = Time resting spent in this place.
 E = Time spent auto-exploring this place.
 F = Levels seen in this place.
 G = Mean time per level.
                   A        B        C        D        E       F      G
               +--------+--------+--------+--------+--------+-----+--------+
         Total |   3689 |   3510 |    179 |    418 |   2289 |   4 |  922.2 |
       Dungeon |   3689 |   3510 |    179 |    418 |   2289 |   4 |  922.2 |
               +--------+--------+--------+--------+--------+-----+--------+

Top non-repeatable levels by time:
     D:2: 1373 daAuts
     D:1: 1340 daAuts
     D:3: 796 daAuts
     D:4: 178 daAuts
